 Dungeon Crawl Stone Soup version 0.28-a0-771-g91a516d0e7 (webtiles) character file.

Game seed: 17509152819051576990

179 Ijustatesigmund the Shield-Bearer (level 5, -5/47 HPs)
             Began as a Gnoll Fighter on Nov 1, 2021.
             Slain by an ogre (25 damage)
             ... on level 4 of the Dungeon.
             The game lasted 00:02:51 (2695 turns).

Ijustatesigmund the Shield-Bearer (Gnoll Fighter)   Turns: 2695, Time: 00:02:51

Health: -5/47      AC: 10    Str: 15    XL:     5   Next: 59%
Magic:  7/7        EV:  9    Int:  9    God:
Gold:   276        SH:  5    Dex: 11    Spells: 7/7 levels left

rFire   . . .      SeeInvis .   a - +0 war axe
rCold   . . .      Faith    .   c - +0 buckler
rNeg    . . .      Spirit   .   b - +0 scale mail
rPois   .          Reflect  .   (no helmet)
rElec   .          Harm     .   (no cloak)
rCorr   .          Rampage  .   o - +1 pair of gloves
Will    .....                   (no boots)
Stlth   ..........              (no amulet)
HPRegen 0.15/turn               (no ring)
MPRegen 0.10/turn               (no ring)

@: no status effects
A: fangs 1, strong nose, distributed training
a: no special abilities


You were on level 4 of the Dungeon.
You visited 1 branch of the dungeon, and saw 4 of its levels.

You collected 276 gold pieces.

Inventory:

Hand Weapons
 a - a +0 war axe (weapon)
Missiles
 g - 21 poisoned darts (quivered)
Armour
 b - a +0 scale mail (worn)
 c - a +0 buckler (worn)
 o - a +1 pair of gloves (worn)
Jewellery
 n - a ring of flight
Wands
 e - a wand of digging (5)
 m - a wand of polymorph (6)
 p - a wand of iceblast (15)
Scrolls
 d - a scroll of teleportation
Potions
 f - a potion of berserk rage {unknown}
 h - a potion of heal wounds
 i - a potion of curing
 k - 2 potions of resistance {unknown}


   Skills:
 + Level 6.7 Fighting
 + Level 1.5 Short Blades
 + Level 1.5 Long Blades
 + Level 4.8 Axes
 + Level 1.5 Maces & Flails
 + Level 1.5 Polearms
 + Level 1.5 Staves
 + Level 1.5 Slings
 + Level 1.5 Bows
 + Level 1.5 Crossbows
 + Level 1.5 Throwing
 + Level 6.7 Armour
 + Level 1.5 Dodging
 + Level 1.5 Stealth
 + Level 6.7 Shields
 + Level 1.5 Unarmed Combat
 + Level 1.5 Spellcasting
 + Level 1.2 Conjurations
 + Level 1.2 Hexes
 + Level 1.2 Summonings
 + Level 1.2 Necromancy
 + Level 1.2 Translocations
 + Level 1.2 Transmutations
 + Level 1.2 Fire Magic
 + Level 1.2 Ice Magic
 + Level 1.2 Air Magic
 + Level 1.2 Earth Magic
 + Level 1.2 Poison Magic
 + Level 1.7 Invocations
 + Level 1.5 Evocations


You had 7 spell levels left.
You didn't know any spells.
Your spell library contained the following spells:

 Spells                   Type           Power      Damage    Failure   Level
 Blink                    Tloc           4%         N/A       71%         2
 Lesser Beckoning         Tloc           2%         N/A       91%         3
 Fireball                 Conj/Fire      1%         3d3       100%        5
 Manifold Assault         Tloc           2%         N/A       100%        5
 Starburst                Conj/Fire      1%         6d3       100%        6
 Ignition                 Fire           1%         3d3       100%        8


Dungeon Overview and Level Annotations

Branches:
Dungeon (4/15)
 Temple: D:4-7

Altars:
Vehumet

Shops:
D:4 (:


Innate Abilities, Weirdness & Mutations

You have very sharp teeth.
Your uncanny sense of smell can sniff out nearby items.
Your experience applies equally to all skills.


Message History

No target in view!
No target in view!
No target in view!
No target in view!
No target in view!
No target in view!
No target in view!
No target in view!
Things that are here:
a +0 dagger; an orc corpse As you open the door, it creaks loudly!
There is an open door here.
f - an emerald potion An ogre comes into view.
It is wielding a +0 giant club.
The ogre shouts!
The ogre barely misses you.
You slash the ogre! Your bite misses the ogre.
The ogre is moderately wounded.
You block the ogre's attack.
You hit the ogre.
The ogre is heavily wounded.
The ogre hits you with a +0 giant club!
You slash the ogre!
The ogre is severely wounded.
The ogre hits you with a +0 giant club!
You barely miss the ogre.
The ogre is severely wounded.
The ogre hits you with a +0 giant club.
You are too injured to fight recklessly!
You are too injured to fight recklessly!
You are too injured to fight recklessly!
You are too injured to fight recklessly!
You hit the ogre but do no damage.
The ogre is severely wounded.
You block the ogre's attack.
You hit the ogre but do no damage. You bite the ogre, but do no damage.
The ogre is severely wounded.
The ogre hits you with a +0 giant club!!
Ouch! That really hurt!
You die...

### #.. ####### #..
.......###############..
........................
..........#####.######..
......O...# #.# #.#
.......@..# ##'######.#
.#........# #.......#.#
#........# #.#.....#.#
#........# #.......#.#
########.# #.∩.#...#.#
#.## #.......#.# #..#
#.#.....#.# ∆
###'###.......#.#
#.........)...#.#


You could see an ogre.

Vanquished Creatures
  An ogre (D:4)
  An iguana (D:4)
  An adder (D:3)
  An adder skeleton (D:4)
  2 worms (D:2)
  5 dart slugs
  An orc (D:4)
  2 bats
  3 endoplasms
  A giant cockroach (D:2)
  5 goblins
  2 hobgoblins
  4 jackals (D:2)
  2 quokkas
  7 ball pythons
  3 frilled lizards
  4 kobolds
  3 rats (D:2)
48 creatures vanquished.

Vanquished Creatures (others)
  5 fungi (D:3)
  4 toadstools (D:3)
9 creatures vanquished.

Grand Total: 57 creatures vanquished

Notes
Turn   | Place    | Note
-------+----------+-------------------------------------------
     0 | D:1      | Ijustatesigmund the Gnoll Fighter began the quest for the
                  | Orb.
     0 | D:1      | Reached XP level 1. HP: 23/23 MP: 1/1
    74 | D:1      | Found a faded altar of an unknown god.
   202 | D:1      | Reached XP level 2. HP: 29/29 MP: 2/2
   765 | D:2      | Reached XP level 3. HP: 35/35 MP: 3/3
   948 | D:2      | Reached skill level 1 in Invocations
  1470 | D:3      | Reached skill level 1 in Short Blades
  1470 | D:3      | Reached skill level 1 in Long Blades
  1470 | D:3      | Reached skill level 1 in Maces & Flails
  1470 | D:3      | Reached skill level 1 in Polearms
  1470 | D:3      | Reached skill level 1 in Staves
  1470 | D:3      | Reached skill level 1 in Slings
  1470 | D:3      | Reached skill level 1 in Bows
  1470 | D:3      | Reached skill level 1 in Crossbows
  1470 | D:3      | Reached skill level 1 in Throwing
  1470 | D:3      | Reached skill level 1 in Dodging
  1470 | D:3      | Reached skill level 1 in Stealth
  1470 | D:3      | Reached skill level 1 in Unarmed Combat
  1470 | D:3      | Reached skill level 1 in Spellcasting
  1470 | D:3      | Reached skill level 1 in Evocations
  1470 | D:3      | Reached XP level 4. HP: 40/41 MP: 5/5
  2003 | D:3      | Found a radiant altar of Vehumet.
  2097 | D:4      | Noticed an ogre
  2100 | D:4      | Killed an ogre
  2101 | D:4      | Reached skill level 1 in Conjurations
  2101 | D:4      | Reached skill level 1 in Hexes
  2101 | D:4      | Reached skill level 1 in Summonings
  2101 | D:4      | Reached skill level 1 in Necromancy
  2101 | D:4      | Reached skill level 1 in Translocations
  2101 | D:4      | Reached skill level 1 in Transmutations
  2101 | D:4      | Reached skill level 1 in Fire Magic
  2101 | D:4      | Reached skill level 1 in Ice Magic
  2101 | D:4      | Reached skill level 1 in Air Magic
  2101 | D:4      | Reached skill level 1 in Earth Magic
  2101 | D:4      | Reached skill level 1 in Poison Magic
  2101 | D:4      | Reached XP level 5. HP: 9/47 MP: 5/7
  2399 | D:4      | Found Sixaed's Weapon Emporium.
  2471 | D:4      | Found Vekk's Book Boutique.
  2686 | D:4      | Noticed an ogre
  2695 | D:4      | Slain by an ogre

Illustrated notes

Levels and vault maps discovered:
D:1:      dpeg_arrival_long_road, layout_rooms, ebering_ecumenical_altar_webs,
          minmay_door_square
D:2:      layout_loops_ring
D:3:      layout_basic, mainiacjoe_overflow_alcove_2, minmay_gold_behind_fungi,
          small_statue_intersection
D:4:      layout_basic, mainiacjoe_overflow_cross_hatched, serial_shops,
          nicolae_lakefront_shop, nicolae_shop_stone, shop

Skill      XL: |  1  2  3  4 |
---------------+-------------+-----
Invocations    | 1 |  1.7
Short Blades   | 1 |  1.5
Long Blades    | 1 |  1.5
Maces & Flails | 1 |  1.5
Polearms       | 1 |  1.5
Staves         | 1 |  1.5
Slings         | 1 |  1.5
Bows           | 1 |  1.5
Crossbows      | 1 |  1.5
Throwing       | 1 |  1.5
Dodging        | 1 |  1.5
Stealth        | 1 |  1.5
Unarmed Combat | 1 |  1.5
Spellcasting   | 1 |  1.5
Evocations     | 1 |  1.5
Conjurations   | 1 |  1.2
Hexes          | 1 |  1.2
Summonings     | 1 |  1.2
Necromancy     | 1 |  1.2
Translocations | 1 |  1.2
Transmutations | 1 |  1.2
Fire Magic     | 1 |  1.2
Ice Magic      | 1 |  1.2
Air Magic      | 1 |  1.2
Earth Magic    | 1 |  1.2
Poison Magic   | 1 |  1.2
Fighting       | |  6.7
Axes           | |  4.8
Armour         | |  6.7
Shields        | |  6.7

Action                   |  1- 3 |  4- 6 || total
-------------------------+-------+-------++-------
Melee: War axe           |    84 |    44 ||   128
       Bite              |     8 |     5 ||    13
Throw: Dart              |       |     1 ||     1
  Use: Potion            |       |     1 ||     1
       Scroll            |       |     7 ||     7
Armor: Scale mail        |    39 |    12 ||    51
Dodge: Dodged            |    33 |    19 ||    52
Block: Buckler           |    20 |     5 ||    25

Table legend: (Time is in decaauts)
 A = Elapsed time spent in this place.
 B = Non-inter-level travel time spent in this place.
 C = Inter-level travel time spent in this place.
 D = Time resting spent in this place.
 E = Time spent auto-exploring this place.
 F = Levels seen in this place.
 G = Mean time per level.
                   A        B        C        D        E       F      G
               +--------+--------+--------+--------+--------+-----+--------+
         Total |   2730 |   2687 |     43 |    245 |   2075 |   4 |  682.5 |
       Dungeon |   2730 |   2687 |     43 |    245 |   2075 |   4 |  682.5 |
               +--------+--------+--------+--------+--------+-----+--------+

Top non-repeatable levels by time:
     D:3: 1138 daAuts
     D:2: 652 daAuts
     D:1: 577 daAuts
     D:4: 363 daAuts
